 Dungeon Sprint DCSS version 0.31-a0-1-g4198be8af4 (webtiles) character file.

Game seed: 592609317227404373

5 sircluck the Scholar of Death (level 1, -1/13 HPs)
             Began as a Mummy Necromancer on May 2, 2023.
             Was a Follower of Kikubaaqudgha.
             Slain by an ufetubus (5 damage)
             ... in the Dungeon (Sprint VII: "The Pits").
             The game lasted 00:00:42 (123 turns).

sircluck the Scholar of Death (Mummy Necromancer)    Turns: 123, Time: 00:00:43

Health: -1/13      AC:  2    Str: 11    XL:     1   Next: 66%
Magic:  1/4        EV: 12    Int: 14    God:    Kikubaaqudgha [*.....]
Gold:   0          SH:  0    Dex: 12    Spells: 5/6 levels left

rFire   x . .        c - +2 dagger
rCold   + . .        (no shield)
rNeg    + + +        a - +0 robe
rPois   ∞            (no helmet)
rElec   .            (no cloak)
rCorr   .            (no gloves)
SInv    .            (no boots)
Will    .....        (no amulet)
Stlth   ++           (no ring)
HPRegen 0.22/turn    (no ring)
MPRegen 0.09/turn

%: no teleportation, faith
@: no status effects
A: cold resistance 1, negative energy resistance 3, torment resistance 2, heat
vulnerability 1, no potions, faith
a: Renounce Religion, Unearth Wretches


You were in the Dungeon.
You worshipped Kikubaaqudgha.
Kikubaaqudgha was aware of your devotion.
You visited 1 branch

Inventory:

Hand Weapons
 c - a +2 dagger (weapon)
Missiles
 d - 10 stones
Armour
 a - a +0 robe (worn)
Scrolls
 b - a scroll of blinking
 e - 5 scrolls of amnesia
 f - a scroll of summoning


   Skills:
 + Level 1.8 Dodging
 + Level 1.7 Stealth
 + Level 0.3 Unarmed Combat
 + Level 3.1 Spellcasting
 + Level 4.9 Necromancy


You had 5 spell levels left.
You knew the following spells:

 Your Spells              Type           Power      Damage    Failure   Level
a - Necrotise             Necr           60%        1d7       2%          1

Your spell library contained the following spells:

 Spells                   Type           Power      Damage    Failure   Level
 Kiss of Death            Conj/Necr      36%        2d8       8%          1
 Vampiric Draining        Necr           15%        2d7       9%          3
 Cigotuvi's Dreadful Rot  Necr/Pois/Air  12%        N/A       16%         2
 Animate Dead             Necr           15%        N/A       28%         4
 Agony                    Necr           15%        N/A       61%         5


Dungeon Overview and Level Annotations

Branches:
Dungeon (1/1)

Altars:
Ashenzari
Cheibriados
Dithmenos
Fedhas
Gozag
Hepliaklqana
Kikubaaqudgha
Makhleb
Nemelex Xobeh
Okawaru
Qazlal
Ru
Sif Muna
Trog
Uskayaw
Vehumet
Wu Jian
Xom
Yredelemnul
Jiyva
Lugonu


Innate Abilities, Weirdness & Mutations

You are immune to poison.
Your flesh is cold resistant. (rC+)
You are immune to negative energy. (rN+++)
You are immune to unholy pain and torment.
You are vulnerable to heat. (rF-)
You do not drink.
You have a special connection with the divine. (Faith)


Message History

There is an open door here.
You miscast Necrotise.
You are very lightly contaminated with residual magic.
Nothing appears to happen.
The rat writhes in agony.
You kill the rat!
Kikubaaqudgha accepts your kill.
You can now bring forth the wretched and dying.
Kikubaaqudgha grants you a gift!
You add the spells Kiss of Death and Cigotuvi's Dreadful Rot to your library.
The dead are walking!
You swap places.
You open the door.
A frilled lizard and an ufetubus come into view.
The frilled lizard hisses angrily.
The ufetubus shouts!
The frilled lizard bites your rat skeleton.
The ufetubus hits your rat skeleton. x2
Your rat skeleton is destroyed!
The ufetubus is unaffected.
Your rat skeleton bites the ufetubus.
Your magical contamination has completely faded away.
You are out of magic!
The ufetubus closely misses you. The ufetubus barely misses you.
You miss the ufetubus.
The ufetubus is moderately wounded.
The ufetubus closely misses you. The ufetubus barely misses you.
Your rat skeleton misses the frilled lizard.
The frilled lizard bites your rat skeleton.
An endoplasm comes into view.
You hit the ufetubus.
The ufetubus is heavily wounded.
The ufetubus hits you. The ufetubus closely misses you.
The frilled lizard bites your rat skeleton.
Your rat skeleton bites the frilled lizard.
The frilled lizard dies!
Kikubaaqudgha accepts your kill. The ufetubus barely misses you.
The ufetubus closely misses you.
Your Spellcasting skill increases to level 3!
The ufetubus hits you. x2
You die...
Kikubaaqudgha rasps: "You have failed me!
Welcome... oblivion!"

#_________.#
#_________.#
#_______...###########++
##########'##...........
#.?.!')))'.##......#..#.
##########.##...........
#...........'...........
#+#####'#####......#..#.
#..#Z@# #...........
#.J'5.# ####'#####++
#..#### #.......# #.
#.......# # #.......#
#...<...# #.......#
#.......# #.......#


You could see an ufetubus (ally target), an endoplasm and a friendly rat
skeleton.

Vanquished Creatures
  An adder zombie (D)
  2 rats (D)
3 creatures vanquished.

Vanquished Creatures (collateral kills)
  A frilled lizard (D)
1 creature vanquished.

Grand Total: 4 creatures vanquished

Notes
Turn   | Place    | Note
-------+----------+-------------------------------------------
     0 | D        | sircluck the Mummy Necromancer began the quest for the Orb.
     0 | D        | Reached XP level 1. HP: 13/13 MP: 4/4
    61 | D        | Found a bloodstained altar of Trog.
    61 | D        | Found a shimmering blue altar of Sif Muna.
    61 | D        | Found a viscous altar of Jiyva.
    61 | D        | Found a hazy altar of Hepliaklqana.
    61 | D        | Found an opulent altar of Gozag.
    62 | D        | Found a basalt altar of Yredelemnul.
    62 | D        | Found a shimmering altar of Xom.
    62 | D        | Found an ornate altar of the Wu Jian Council.
    62 | D        | Found a sacrificial altar of Ru.
    62 | D        | Found a stormy altar of Qazlal.
    62 | D        | Found an iron altar of Okawaru.
    62 | D        | Found a sparkling altar of Nemelex Xobeh.
    62 | D        | Found a burning altar of Makhleb.
    62 | D        | Found a blossoming altar of Fedhas.
    62 | D        | Found a shadowy altar of Dithmenos.
    62 | D        | Found a snail-covered altar of Cheibriados.
    64 | D        | Found a radiant altar of Vehumet.
    64 | D        | Found a corrupted altar of Lugonu.
    65 | D        | Found a hide-covered altar of Uskayaw.
    65 | D        | Found an ancient bone altar of Kikubaaqudgha.
    65 | D        | Found a broken altar of Ashenzari.
    74 | D        | Became a worshipper of Kikubaaqudgha
   114 | D        | Reached * piety under Kikubaaqudgha
   114 | D        | Received a gift from Kikubaaqudgha
   123 | D        | Slain by an ufetubus

Illustrated notes

Levels and vault maps discovered:
D:        pitsprint [storerooms_1, entrance_room_1, metal_vault_7, armoury_1,
          mini_pit_1, grid_room_1, main_hall_1, silver_pit, the_coven_2,
          the_vestibule_1, steel_vault_4, golden_pit, hallway_of_sentries,
          crystal_vault_4, iron_vault_4, final_vault]

Skill      XL: |  1 |
---------------+----+-----
Spellcasting   | 3 |  3.1
Dodging        | |  1.8
Stealth        | |  1.7
Unarmed Combat | |  0.3
Necromancy     | |  4.9

Action                     || total
---------------------------++-------
  Melee: Unarmed           ||    18
         Dagger            ||     2
         Punch             ||     1
   Cast: Necrotise         ||     3
  Dodge: Dodged            ||    20

Table legend: (Time is in decaauts)
 A = Elapsed time spent in this place.
 B = Non-inter-level travel time spent in this place.
 C = Inter-level travel time spent in this place.
 D = Time resting spent in this place.
 E = Time spent auto-exploring this place.
 F = Levels seen in this place.
 G = Mean time per level.
                   A        B        C        D        E       F      G
               +--------+--------+--------+--------+--------+-----+--------+
         Total |    122 |    122 |      0 |      0 |     26 |   1 |  122.0 |
       Dungeon |    122 |    122 |      0 |      0 |     26 |   1 |  122.0 |
               +--------+--------+--------+--------+--------+-----+--------+

Top non-repeatable levels by time:
       D: 122 daAuts
